 Dungeon Crawl Stone Soup version 0.30-a0-137-gd8773701ce (webtiles) character file.

Game seed: 10994827525699634917

8 ytrimaz the Insei (level 2, -1/18 HPs)
             Began as an Octopode Transmuter on Sept 21, 2022.
             Slain by a frilled lizard (2 damage)
             ... on level 1 of the Dungeon.
             The game lasted 00:00:18 (107 turns).

ytrimaz the Insei (Octopode Transmuter)              Turns: 107, Time: 00:00:18

Health: -1/18      AC:  1    Str:  9    XL:     2   Next: 8%
Magic:  4/5        EV: 13    Int: 15    God:
Gold:   12         SH:  0    Dex: 12    Spells: 4/5 levels left

rFire   . . .      SeeInvis .      - Unarmed
rCold   . . .      Faith    .    (no shield)
rNeg    . . .      Spirit   .    (helmet currently unavailable)
rPois   .          Reflect  .    (no amulet)
rElec   .          Harm     .    (no ring)
rCorr   .          Rampage  .    (no ring)
Will    .....                    (no ring)
Stlth   ++........               (no ring)
HPRegen 0.06/turn                (no ring)
MPRegen 0.09/turn                (no ring)
                                 (no ring)
                                 (no ring)

@: appendages (expiring)
A: tentacle spike 3, almost no armour, amphibious, 8 rings, camouflage 1,
gelatinous body 1, (nimble swimmer 1), tentacles
a: End Transformation


You were on level 1 of the Dungeon.
One of your tentacles had grown a beastly spike.
You visited 1 branch of the dungeon, and saw 1 of its levels.

You collected 12 gold pieces.


Innate Abilities, Weirdness & Mutations

One of your tentacles has grown a beastly spike.
You cannot wear most types of armour.
You are amphibious.
You can wear up to eight rings at the same time.
Your skin changes colour to match your surroundings (Stealth+).
Your rubbery body absorbs attacks. (AC +1, EV +1)
((You are camouflaged when in or above water. (Stealth+)))
You have tentacles for arms and can constrict up to eight enemies at once.


   Skills:
 - Level 1.0 Fighting
 - Level 2.0 Dodging
 - Level 3.0 Unarmed Combat
 + Level 2.1 Spellcasting
 + Level 2.1 Transmutations
 * Level 1.3 Poison Magic


You had 4 spell levels left.
You knew the following spells:

 Your Spells              Type           Power      Damage    Failure   Level
a - Beastly Appendage     Tmut           16%        N/A       9%          1

Your spell library contained the following spells:

 Spells                   Type           Power      Damage    Failure   Level
 Wereblood                Tmut           8%         N/A       14%         2
 Spider Form              Tmut/Pois      6%         N/A       32%         3
 Ice Form                 Ice/Tmut       4%         N/A       80%         4

Inventory:

Scrolls
 b - a scroll of acquirement {unknown}
Potions
 a - a potion of lignification
 c - a potion of curing {unknown}

Dungeon Overview and Level Annotations

Branches:
Dungeon (1/15) Zot: 5892

Altars:

######.
#.#...... ...
#.#.....# ....
#.......#
..... #......#
......
#.....##......
#....l#.......
#.@†.....#
#........#
#........##
##.....?...
##...###.#
##..# #.#
#..###.# +.#
#....#.# #.#
#.##.#.####


You could see a frilled lizard.


Message History

You see here a hobgoblin corpse.
Key pressed, stopping explore.
No target in view! 😎 HP[+1]
Your hp is fully restored (13).
Unknown command.
No target in view!
You see here a +0 quarterstaff.
Key pressed, stopping explore.
Unknown command.
A ball python comes into view.
Unknown command.
A ball python is nearby!
A ball python is nearby!
The helpless ball python fails to defend itself.
You tentacle-slap the ball python. Your grab misses the ball python.
You squeeze the ball python.
You kill the ball python!
Your Poison Magic skill increases to level 1!
Unknown command.
No target in view!
Unknown command.
No target in view!
A quokka comes into view.
Unknown command.
A quokka is nearby!
Unknown command.
A quokka is nearby!
Okay, then.
One of your tentacles grows a vicious spike. 😎 MP[-1]
You lost 1 mp, and now have 2/3 mp.
Unknown command.
A ball python comes into view.
Unknown command.
A kobold comes into view. It is wielding a +0 dagger.
The ball python hisses angrily.
The kobold shouts!
The quokka misses you.
Unknown command.
You barely miss the quokka. You grab the quokka. You constrict the quokka.
The quokka bites you. 😮 HP[-4]
You take 4 damage, and now have 9/13 hp.
MASSIVE DAMAGE!! (PAUSE)
You are too injured to fight recklessly!
Unknown command.
You are too injured to fight recklessly!
You are too injured to fight recklessly!
Unknown command.
You are too injured to fight recklessly!
Unknown command.
You tentacle-slap the quokka but do no damage.
You constrict the quokka, but do no damage.
The quokka barely misses you.
A frilled lizard comes into view.
The ball python misses you. The ball python grabs you.
The ball python constricts you. 😮 HP[-1]
You take 1 damage, and now have 8/13 hp.
The frilled lizard hisses angrily.
You tentacle-slap the quokka but do no damage.
You pierce the quokka.
You tentacle-slap the quokka.
You kill the quokka!
The ball python bites you. The ball python constricts you.
You have reached level 2! 😨 HP[+1] MP[+1]
You now have 18 max hp (+5).
You escape the ball python's grasp.
The kobold hits you with a +0 dagger.
* * * LOW HITPOINT WARNING * * *
The ball python bites you.
* * * LOW HITPOINT WARNING * * *
The ball python barely misses you. 😨 HP[-2]
You take 2 damage, and now have 7/18 hp.
Unknown command.
You closely miss the ball python. Your grab misses the ball python.
You tentacle-slap the ball python.
You kill the ball python!
Your transformation is almost over.
The kobold hits you with a +0 dagger.
* * * LOW HITPOINT WARNING * * *
😱 HP[-3]
You take 3 damage, and now have 4/18 hp.
Unknown command.
You closely miss the kobold. Your grab misses the kobold.
You pierce the kobold, but do no damage.
The kobold hits you with a +0 dagger.
* * * LOW HITPOINT WARNING * * *
😱 HP[-3]
You take 3 damage, and now have 1/18 hp.
Unknown command.
You closely miss the kobold. You grab the kobold.
You pierce the kobold.
You kill the kobold!
Unknown command.
You miss the frilled lizard. Your grab misses the frilled lizard.
Your tentacle spike misses the frilled lizard.
The frilled lizard bites you.
You die...

Skill      XL: |  1 |
---------------+----+-----
Poison Magic   | 1 |  1.3
Fighting       | |  1.0
Dodging        | |  2.0
Unarmed Combat | |  3.0
Spellcasting   | |  2.1
Transmutations | |  2.1

Action                   || total
-------------------------++-------
Melee: Unarmed           ||    10
       Constrict         ||     4
       Tentacles         ||     3
       Kick              ||     3
       Punch             ||     2
 Cast: Beastly Appendage ||     1
 Stab: Sleeping          ||     1
Dodge: Dodged            ||     4

Levels and vault maps discovered:
D:1:      minmay_arrival_open_corners, layout_basic

Notes
Turn   | Place    | Note
-------+----------+-------------------------------------------
     0 | D:1      | ytrimaz the Octopode Transmuter began the quest for the
                  | Orb.
     0 | D:1      | Reached XP level 1. HP: 13/13 MP: 3/3
     0 | D:1      | magus.rc [v1.9.6]
    88 | D:1      | Reached skill level 1 in Poison Magic
   103 | D:1      | Reached XP level 2. HP: 9/18 MP: 3/5
   104 | D:1      | HP: 4/18 [kobold/+0 dagger (3)]
   105 | D:1      | HP: 1/18 [kobold/+0 dagger (4)]
   107 | D:1      | Slain by a frilled lizard

Vanquished Creatures
  A dart slug (D:1)
  2 ball pythons (D:1)
  A hobgoblin (D:1)
  A quokka (D:1)
  A kobold (D:1)
6 creatures vanquished.

Table legend:
 A = Non-vault XP
 B = Vault XP
 C = Vault XP percentage of total XP
 D = Non-vault monster count
 E = Vault monster count
 F = Vault count percentage of total count
                 A         B        C        D         E       F
            +---------+---------+-------+---------+---------+-------
      Total |      12 |       0 |   0.0 |       6 |       0 |   0.0
            +---------+---------+-------+---------+---------+-------
        D:1 |      12 |       0 |   0.0 |       6 |       0 |   0.0
            +---------+---------+-------+---------+---------+-------

Illustrated notes

Table legend:
 A = Kills in this place as a percentage of kills in entire the game.
 B = Kills by you in this place as a percentage of kills by you in the entire game.
 C = Kills by friends in this place as a percentage of kills by friends in the entire game.
 D = Other kills in this place as a percentage of other kills in the entire game.
 E = Experience gained in this place as a percentage of experience gained in the entire game.
 F = Experience gained in this place divided by the number of levels of this place that you have seen.
                   A       B       C       D       E      F
               +-------+-------+-------+-------+-------+----------------------
         Total | 100.0 | 100.0 |   N/A |   N/A | 100.0 |  12.0
       Dungeon | 100.0 | 100.0 |   N/A |   N/A | 100.0 |  12.0
               +-------+-------+-------+-------+-------+----------------------

Table legend: (Time is in decaauts)
 A = Elapsed time spent in this place.
 B = Non-inter-level travel time spent in this place.
 C = Inter-level travel time spent in this place.
 D = Time resting spent in this place.
 E = Time spent auto-exploring this place.
 F = Levels seen in this place.
 G = Mean time per level.
                   A        B        C        D        E       F      G
               +--------+--------+--------+--------+--------+-----+--------+
         Total |    106 |    106 |      0 |      0 |     78 |   1 |  106.0 |
       Dungeon |    106 |    106 |      0 |      0 |     78 |   1 |  106.0 |
               +--------+--------+--------+--------+--------+-----+--------+

Top non-repeatable levels by time:
     D:1: 106 daAuts
